Map: Orbital Shipyard

Players

Sweps

  • Race: Protoss Protoss
  • League: Master

Miszu - Winner!

  • Race: Terran Terran
  • League: Master

VOD

Have the link to the VOD?

Description

Time

  • Played on: March 12, 2016, 4:54 p.m.
  • Length: 13:49
Show
View Real Time Build Order
Export as new Build Order

Sweps Protoss 

Build Orders: Oracle Opening, Zealot Archon 

Get SALT Encoding   

  12  0:01  Probe (Chrono Boost)  
  13  0:11  Probe (Chrono Boost)  
  14  0:18  Pylon  
  14  0:22  Probe (Chrono Boost)  
  15  0:36  Gateway, Probe (Chrono Boost)  
  16  0:43  Assimilator  
  16  0:48  Assimilator  
  16  0:51  Probe (Chrono Boost)  
  17  1:01  Probe (Chrono Boost)  
  18  1:05  Pylon  
  18  1:12  Probe (Chrono Boost)  
  19  1:22  Probe (Chrono Boost)  
  19  1:24  Cybernetics Core  
  20  1:33  Probe (Chrono Boost)  
  21  1:43  Probe (Chrono Boost)  
  22  1:54  Probe (Chrono Boost)  
  23  1:55  Nexus  
  23  2:00  Stalker (Chrono Boost)  
  25  2:11  Mothership Core (Chrono Boost)  
  27  2:20  Pylon  
  27  2:27  Stalker (Chrono Boost)  
  29  2:35  Probe  
  30  2:47  Probe  
  31  2:54  Stargate  
  31  2:59  Probe  
  32  3:16  Probe  
  33  3:25  Probe  
  33  3:28  Probe  
  35  3:36  Probe  
  35  3:40  Probe  
  37  3:47  Probe  
  38  3:48  Oracle (Chrono Boost)  
  38  3:52  Nexus, Probe  
  42  3:56  Twilight Council  
  42  3:59  Gateway, Probe  
  42  4:00  Warp Gate (Chrono Boost)  
  42  4:02  Adept  
  45  4:04  Probe  
  46  4:11  Probe  
  46  4:16  Probe  
  48  4:18  Pylon  
  48  4:19  Pylon  
  48  4:21  Pylon  
  48  4:24  Probe  
  49  4:28  Probe  
  49  4:29  Adept  
  52  4:32  Resonating Glaives (Chrono Boost)  
  52  4:36  Probe  
  52  4:37  Assimilator  
  53  4:41  Probe  
  54  4:48  Assimilator, Probe  
  55  4:53  Probe  
  56  5:00  Probe  
  56  5:10  Probe  
  56  5:11  Probe  
  58  5:17  Probe  
  58  5:21  Probe  
  59  5:23  Templar Archives  
  59  5:28  Probe  
  61  5:29  Probe  
  61  5:31  Probe  
  63  5:40  Probe  
  63  5:42  Probe x2  
  66  5:52  Probe x2  
  66  5:53  Gateway  
  66  5:54  Gateway, Probe  
  69  5:59  Assimilator  
  69  6:03  Probe  
  69  6:04  Probe, Assimilator  
  69  6:06  Probe  
  72  6:13  Adept, Probe  
  72  6:14  Adept  
  72  6:15  Psionic Storm  
  72  6:16  Probe  
  72  6:18  Gateway x2  
  78  6:19  Gateway, Probe  
  78  6:23  Gateway  
  78  6:24  Probe  
  79  6:25  Pylon  
  79  6:28  Pylon x2, Probe  
  79  6:31  Pylon  
  79  6:32  Probe  
  79  6:34  Probe  
  79  6:37  High Templar x2  
  84  6:41  Probe  
  84  6:44  Pylon  
  84  6:45  Probe  
  86  6:47  Pylon  
  86  6:48  Probe  
  86  6:50  Pylon  
  87  6:56  Gateway, Blink (Chrono Boost)  
  87  7:00  High Templar x2  
  91  7:10  High Templar x2  
  91  7:12  Adept  
  95  7:16  Pylon, Mothership Core  
  95  7:20  High Templar  
  99  7:26  High Templar  
  101  7:32  Forge  
  99  7:39  Archon  
  99  7:40  Archon  
  99  7:41  Adept x3  
  89  7:45  Adept x2  
  83  7:53  Adept  
  77  8:01  Adept  
  77  8:02  Adept x3  
  77  8:05  Probe  
  77  8:06  Adept x2  
  77  8:11  Probe  
  82  8:16  Robotics Facility, Gateway, Mothership Core  
  82  8:17  High Templar  
  86  8:21  Adept, Pylon  
  86  8:22  High Templar  
  86  8:23  Pylon  
  90  8:27  Zealot, Photon Cannon  
  90  8:28  Adept x3, Zealot x2  
  96  8:37  Archon  
  96  8:45  Photon Cannon  
  76  8:49  Adept  
  76  8:50  Adept x6, Photon Cannon  
  86  9:01  High Templar x2  
  86  9:07  Probe  
  86  9:12  Adept x5  
  86  9:14  Probe  
  86  9:16  Photon Cannon  
  93  9:19  Probe  
  93  9:26  Probe  
  93  9:31  Probe  
  95  9:32  Stalker  
  95  9:33  Adept x2, High Templar  
  103  9:42  Photon Cannon  
  103  9:43  Probe  
  102  9:47  Stalker x2  
  102  9:48  Stalker x2  
  108  9:55  Probe  
  108  9:57  Stalker x2  
  109  10:07  Probe  
  96  10:20  High Templar x2  
  94  10:30  Stalker x2  
  94  10:33  Stalker  
  69  10:57  Stalker  
  69  10:58  Stalker x5  
  63  11:26  Stalker  
  63  11:27  Stalker x3  
  69  11:50  Stalker x2  
Show
View Real Time Build Order
Export as new Build Order

Miszu Terran - Winner!

Build Orders: Command Center First (CC), MMM Bio 

Get SALT Encoding   

  12  0:00  SCV  
  13  0:13  SCV  
  14  0:17  Supply Depot  
  14  0:25  SCV  
  15  0:45  SCV  
  16  0:57  SCV  
  16  1:02  Command Center  
  17  1:09  SCV  
  18  1:15  Barracks  
  18  1:21  SCV  
  19  1:27  Barracks  
  19  1:33  SCV  
  20  1:45  SCV  
  21  1:47  Barracks  
  22  2:02  Marine, Orbital Command  
  22  2:14  Orbital Command  
  22  2:15  Marine  
  23  2:17  Supply Depot  
  23  2:23  Marine  
  23  2:28  SCV  
  25  2:33  Marine, Refinery  
  25  2:35  Marine  
  27  2:39  Refinery  
  27  2:41  Marine, SCV  
  27  2:43  SCV  
  30  2:51  Marine  
  31  2:53  Supply Depot, SCV  
  31  2:55  SCV  
  31  2:56  Marine  
  34  2:58  Marine  
  36  3:05  SCV  
  36  3:09  Barracks Tech Lab  
  36  3:10  SCV  
  37  3:14  Marine  
  37  3:16  Marine  
  37  3:17  SCV  
  40  3:22  SCV  
  41  3:28  Marine  
  41  3:29  SCV  
  41  3:32  Marine  
  41  3:33  Supply Depot  
  44  3:34  Marine  
  45  3:43  SCV  
  45  3:45  SCV  
  45  3:46  Marine  
  47  3:50  Marine  
  47  3:52  Reaper, Stimpack  
  47  3:55  SCV  
  50  3:56  Supply Depot  
  50  3:57  SCV  
  51  4:03  Marine  
  51  4:06  Factory  
  51  4:07  Refinery, SCV  
  51  4:08  Marine  
  54  4:10  SCV  
  55  4:18  Supply Depot  
  55  4:19  SCV  
  55  4:21  Marine  
  55  4:22  SCV  
  58  4:24  Marine  
  58  4:25  Marine  
  58  4:28  Engineering Bay  
  61  4:31  SCV  
  61  4:34  SCV  
  62  4:40  Marauder  
  62  4:41  Supply Depot  
  62  4:42  Marine  
  62  4:43  Marine, SCV  
  67  4:47  SCV  
  68  4:52  Starport  
  68  4:57  Factory Reactor  
  68  4:58  SCV  
  68  4:59  Marine, SCV  
  70  5:01  Marine  
  70  5:02  Terran Infantry Weapons Level 1  
  70  5:03  Marauder  
  74  5:10  SCV  
  74  5:15  Barracks  
  74  5:17  Marine  
  74  5:21  Command Center  
  75  5:24  Marauder  
  73  5:32  SCV  
  72  5:36  Missile Turret  
  71  5:42  SCV  
  71  5:44  SCV  
  71  5:45  Missile Turret  
  71  5:46  Marauder  
  74  5:52  Barracks Reactor, Barracks Tech Lab  
  74  5:55  SCV  
  74  5:56  Factory Reactor  
  74  5:57  Refinery  
  75  5:58  Medivac  
  75  6:00  Medivac  
  75  6:02  SCV  
  80  6:07  SCV  
  80  6:10  Supply Depot  
  80  6:17  Barracks Reactor  
  80  6:19  Barracks  
  80  6:20  SCV x2  
  80  6:25  Marauder  
  84  6:32  SCV x2  
  85  6:37  Medivac  
  85  6:38  Medivac  
  89  6:42  Marine  
  89  6:44  SCV x2  
  92  6:47  Supply Depot  
  92  6:49  Supply Depot  
  92  6:56  SCV x2  
  92  6:57  Fusion Core  
  94  7:02  Starport  
  94  7:07  Orbital Command  
  94  7:08  SCV  
  95  7:12  Combat Shields, Concussive Shells  
  94  7:18  SCV  
  94  7:20  SCV  
  94  7:22  Marine, Marauder  
  96  7:29  Refinery  
  96  7:30  Marine, Refinery, SCV  
  96  7:31  Marine x3, Marauder  
  96  7:32  SCV  
  103  7:42  Marine  
  103  7:44  Marauder  
  98  7:47  Liberator x2  
  98  7:48  Marine x2  
  98  7:52  Marauder  
  98  7:54  Marine  
  96  8:00  Marine  
  96  8:03  Marine  
  96  8:05  Marauder, Starport Tech Lab  
  101  8:13  Marauder  
  101  8:14  Marine x3  
  101  8:17  SCV x2  
  101  8:18  Marine  
  101  8:19  SCV  
  110  8:21  Marine  
  110  8:26  Marauder  
  113  8:27  Supply Depot  
  113  8:28  Supply Depot, Advanced Ballistics  
  113  8:31  Marine  
  113  8:32  Liberator x2  
  114  8:35  Marauder  
  111  8:46  Marine  
  111  8:47  Marine x3  
  111  8:48  Marauder  
  114  8:49  Marine, Liberator  
  121  8:56  Marauder  
  121  9:07  Marine x3  
  121  9:09  Supply Depot x2, Marauder  
  129  9:15  Liberator x2  
  129  9:17  Marauder  
  129  9:20  Marine  
  131  9:26  Marine x4  
  131  9:31  Marauder  
  135  9:34  Terran Infantry Armor Level 1  
  135  9:38  Marine  
  141  9:39  Marauder  
  141  9:42  Supply Depot  
  141  9:43  Supply Depot  
  141  9:44  Marine  
  145  9:49  Supply Depot  
  145  9:52  Marauder  
  145  9:53  Liberator  
  145  9:58  Liberator  
  137  10:11  Marauder  
  137  10:12  Marine x4  
  137  10:13  Marine, Marauder  
  147  10:14  Liberator  
  144  10:30  Marine x5  
  144  10:33  Marauder  
  144  10:35  Marauder  
  156  10:36  Liberator  
  156  10:41  Liberator  
  155  10:47  Marine  
  155  10:48  Marine x4  
  156  10:54  Marauder  
  156  10:56  Marine  
  129  11:05  Marine  
  129  11:06  Marine x3  
  125  11:14  Marine, Marauder  
  125  11:16  Marauder  
  128  11:23  Marine  
  128  11:24  Marine x3  
  127  11:32  Marine  
  121  11:35  Marauder  
  121  11:37  Marauder  
  123  11:41  Marine x2  
  123  11:42  Marine x2  
  119  11:49  Marine  
  108  11:57  Marauder  
  108  11:58  Marine  
  108  11:59  Marine x3  
  113  12:05  Marine  
  113  12:07  Marine  
  107  12:16  Marauder  
  107  12:17  Marine x2  
  107  12:18  Marine  
  106  12:23  Marine  
  107  12:36  Marauder  
  81  13:03  Barracks  
  81  13:04  Barracks  
  81  13:05  Barracks  
  77  13:06  Barracks x3  
  77  13:12  Marine  
Tags
 
Add a new tag
Caveats
  • Supply blocks, unpowered buildings, or Contaminate may cause inaccurate times.
  • Supply counts are checked every 10 seconds.